3A
IDAHO FALLS CHUKARS @ MYRTLE BEACH SEAHAWKS
05/19/2025
 
TOP OF THE 1ST
Idaho Falls Chukars batting - Pitching for Myrtle Beach Seahawks : LHP Billy Grange
Pitching: LHP Billy Grange
Batting: LHB Orlando Casillas 0-0: Called Strike
0-1: Ball
1-1: Ball
2-1: Ball
3-1: Base on Balls
Batting: LHB Frank Sharp 0-0: Foul Ball, location: 2F
0-1: Foul Ball, location: 2F
0-2: Foul Ball, location: 2F
0-2: Strikes out looking
Batting: SHB Pablo Coloa 0-0: Called Strike
Orlando Casillas steals 2nd base
0-1: Fly out, F5 (Line Drive, 56)
Batting: RHB Daryl Moran 0-0: Ball
1-0: Ground out 6-3 (Groundball, 6)
Top of the 1st over - 0 run(s), 0 hit(s), 0 error(s), 1 left on base; Idaho Falls 0 - Myrtle Beach 0
BOTTOM OF THE 1ST
Myrtle Beach Seahawks batting - Pitching for Idaho Falls Chukars : RHP Paco Manuel
Pitching: RHP Paco Manuel
Batting: LHB Gabriel López 0-0: Ball
1-0: Swinging Strike
1-1: Swinging Strike
1-2: Strikes out looking
Batting: RHB José Morín 0-0: Swinging Strike
0-1: Ball
1-1: Foul Ball, location: 2F
1-2: Foul Ball, location: 2F
1-2: Strikes out swinging
Batting: RHB Turner Buccigross 0-0: Ball
1-0: Foul Ball, location: 2F
1-1: Ball
2-1: Fly out, F3 (Popup, 3L)
Bottom of the 1st over - 0 run(s), 0 hit(s), 0 error(s), 0 left on base; Idaho Falls 0 - Myrtle Beach 0
TOP OF THE 2ND
Idaho Falls Chukars batting - Pitching for Myrtle Beach Seahawks : LHP Billy Grange
Batting: RHB Scott Ramsey 0-0: Ball
1-0: Ball
2-0: Foul Ball, location: 2F
2-1: Called Strike
2-2: Strikes out swinging
Batting: RHB Christian Gentry 0-0: Foul Ball, location: 2F
0-1: Ball
1-1: Ground out 6-3 (Groundball, 6)
Batting: RHB Michael Bradshaw 0-0: Ball
1-0: Foul Ball, location: 2F
1-1: Swinging Strike
1-2: Ball
2-2: Ground out 5-3 (Groundball, 56)
Top of the 2nd over - 0 run(s), 0 hit(s), 0 error(s), 0 left on base; Idaho Falls 0 - Myrtle Beach 0
BOTTOM OF THE 2ND
Myrtle Beach Seahawks batting - Pitching for Idaho Falls Chukars : RHP Paco Manuel
Batting: RHB Juan Báez 0-0: Ground out 1-3 (Groundball, 15S)
Batting: RHB Rob Morse 0-0: Called Strike
0-1: Ball
1-1: Fly out, F6 (Line Drive, 6)
Batting: LHB Tae-sang Han 0-0: Fly out, F3 (Popup, 34S)
Bottom of the 2nd over - 0 run(s), 0 hit(s), 0 error(s), 0 left on base; Idaho Falls 0 - Myrtle Beach 0
TOP OF THE 3RD
Idaho Falls Chukars batting - Pitching for Myrtle Beach Seahawks : LHP Billy Grange
Batting: SHB Félix Medina 0-0: Called Strike
0-1: Called Strike
0-2: Ball
1-2: Fly out, F7 (Flyball, 7)
Batting: RHB Jonah Cooney 0-0: Ball
1-0: Foul Ball, location: 2F
1-1: Foul Ball, location: 2F
1-2: Foul Ball, location: 2F
1-2: Ball
2-2: Foul Ball, location: 2F
2-2: Fly out, F7 (Flyball, 78M)
Batting: LHB Orlando Casillas 0-0: Ball
1-0: Foul Ball, location: 2F
1-1: Foul Ball, location: 2F
1-2: Strikes out looking
Top of the 3rd over - 0 run(s), 0 hit(s), 0 error(s), 0 left on base; Idaho Falls 0 - Myrtle Beach 0
BOTTOM OF THE 3RD
Myrtle Beach Seahawks batting - Pitching for Idaho Falls Chukars : RHP Paco Manuel
Batting: RHB Rodney Dudley 0-0: Ball
1-0: Foul Ball, location: 2F
1-1: Foul Ball, location: 2F
1-2: Strikes out swinging
Batting: RHB Alejandro Santiago 0-0: Called Strike
0-1: Ball
1-1: Ball
2-1: Ball
3-1: Base on Balls
Batting: LHB Miguel Martínez 0-0: Ball
1-0: Called Strike
1-1: Foul Ball, location: 2F
1-2: Strikes out swinging
Batting: LHB Gabriel López 0-0: Swinging Strike
0-1: Foul Ball, location: 2F
0-2: Ball
1-2: Fly out, F3 (Line Drive, 3)
Bottom of the 3rd over - 0 run(s), 0 hit(s), 0 error(s), 1 left on base; Idaho Falls 0 - Myrtle Beach 0
TOP OF THE 4TH
Idaho Falls Chukars batting - Pitching for Myrtle Beach Seahawks : LHP Billy Grange
Batting: LHB Frank Sharp 0-0: Ball
1-0: Ball
2-0: Ball
3-0: Base on Balls
Batting: SHB Pablo Coloa 0-0: Ball
1-0: Ball
2-0: Ball
3-0: Called Strike
3-1: Base on Balls
Frank Sharp to second
Batting: RHB Daryl Moran 0-0: Called Strike
0-1: Called Strike
Frank Sharp is caught stealing 3rd base
Pablo Coloa to second
0-2: Ball
1-2: SINGLE (Groundball, 34D)
Pablo Coloa to third
Runner from 3rd tries for Home, SAFE, no throw
Batting: RHB Scott Ramsey 0-0: Ball
1-0: Called Strike
1-1: Foul Ball, location: 2F
1-2: Ball
2-2: Foul Ball, location: 2F
2-2: Ball
3-2: Foul Ball, location: 2F
3-2: Foul Ball, location: 2F
3-2: Base on Balls
Daryl Moran to second
Batting: RHB Christian Gentry 0-0: Ball
1-0: Ball
2-0: Called Strike
2-1: Fly out, F8 (Flyball, 8RD)
Runner from 2nd tags up, SAFE at 3rd, no throw
Batting: RHB Michael Bradshaw 0-0: Foul Ball, location: 2F
0-1: Foul Ball, location: 2F
0-2: Fly out, F8 (Flyball, 8LM)
Top of the 4th over - 1 run(s), 1 hit(s), 0 error(s), 2 left on base; Idaho Falls 1 - Myrtle Beach 0
BOTTOM OF THE 4TH
Myrtle Beach Seahawks batting - Pitching for Idaho Falls Chukars : RHP Paco Manuel
Batting: RHB José Morín 0-0: Foul Ball, location: 2F
0-1: Ball
1-1: Swinging Strike
1-2: Ball
2-2: Strikes out swinging
Batting: RHB Turner Buccigross 0-0: Called Strike
0-1: Ball
1-1: Foul Ball, location: 2F
1-2: Strikes out swinging
Batting: RHB Juan Báez 0-0: Fly out, F7 (Flyball, 7D)
Bottom of the 4th over - 0 run(s), 0 hit(s), 0 error(s), 0 left on base; Idaho Falls 1 - Myrtle Beach 0
TOP OF THE 5TH
Idaho Falls Chukars batting - Pitching for Myrtle Beach Seahawks : LHP Billy Grange
Batting: SHB Félix Medina 0-0: Ball
1-0: Ball
2-0: Ball
3-0: Called Strike
3-1: Called Strike
3-2: SINGLE (Groundball, 4MD)
Batting: RHB Jonah Cooney 0-0: Called Strike
Félix Medina is caught stealing 2nd base
0-1: Ball
1-1: Swinging Strike
1-2: Fly out, F8 (Flyball, 8LM)
Batting: LHB Orlando Casillas 0-0: Called Strike
0-1: Swinging Strike
0-2: SINGLE (Line Drive, 34)
Pitching: RHP Carlos Ibarra
Batting: LHB Frank Sharp 0-0: Ball
1-0: Foul Ball, location: 2F
1-1: Ball
2-1: Ball
3-1: SINGLE (Line Drive, 56D)
Orlando Casillas to second
Batting: SHB Pablo Coloa 0-0: Called Strike
0-1: Ball
1-1: Ball
2-1: Foul Ball, location: 2F
2-2: Foul Ball, location: 2F
2-2: Foul Ball, location: 2F
2-2: Ball
3-2: Ground out 3-1 (Groundball, 34)
Top of the 5th over - 0 run(s), 3 hit(s), 0 error(s), 2 left on base; Idaho Falls 1 - Myrtle Beach 0
BOTTOM OF THE 5TH
Myrtle Beach Seahawks batting - Pitching for Idaho Falls Chukars : RHP Paco Manuel
Batting: RHB Rob Morse 0-0: Ball
1-0: Swinging Strike
1-1: Ball
2-1: Reached on error, E6 (Groundball, 6)
Batting: LHB Tae-sang Han 0-0: Ball
1-0: Ball
2-0: Called Strike
2-1: Bunted foul
2-2: Fly out, F1 (Line Drive, 13)
Lined into DP, 1-3 (Line Drive, 13)
Batting: RHB Rodney Dudley 0-0: Foul Ball, location: 2F
0-1: Swinging Strike
0-2: Ground out 5-3 (Groundball, 56)
Bottom of the 5th over - 0 run(s), 0 hit(s), 1 error(s), 0 left on base; Idaho Falls 1 - Myrtle Beach 0
TOP OF THE 6TH
Idaho Falls Chukars batting - Pitching for Myrtle Beach Seahawks : RHP Carlos Ibarra
Batting: RHB Daryl Moran 0-0: Ground out 4-3 (Groundball, 4)
Batting: RHB Scott Ramsey 0-0: Called Strike
0-1: Ball
1-1: Swinging Strike
1-2: Strikes out swinging
Batting: RHB Christian Gentry 0-0: Ball
1-0: Ball
2-0: Foul Ball, location: 2F
2-1: Ball
3-1: Fly out, F9 (Flyball, 9S)
Top of the 6th over - 0 run(s), 0 hit(s), 0 error(s), 0 left on base; Idaho Falls 1 - Myrtle Beach 0
BOTTOM OF THE 6TH
Myrtle Beach Seahawks batting - Pitching for Idaho Falls Chukars : RHP Paco Manuel
Batting: RHB Alejandro Santiago 0-0: Swinging Strike
0-1: Foul Ball, location: 2F
0-2: Ball
1-2: Ball
2-2: Fly out, F9 (Flyball, 9S)
Batting: LHB Miguel Martínez 0-0: Ball
1-0: Called Strike
1-1: Ball
2-1: Foul Ball, location: 2F
2-2: Ball
3-2: Ground out U3 (Groundball, 3L)
Batting: LHB Gabriel López 0-0: Ball
1-0: Ball
2-0: Ball
3-0: Called Strike
3-1: Base on Balls
Batting: RHB José Morín 0-0: Ball
1-0: Foul Ball, location: 2F
1-1: Ground out 5-3 (Groundball, 56S)
Bottom of the 6th over - 0 run(s), 0 hit(s), 0 error(s), 1 left on base; Idaho Falls 1 - Myrtle Beach 0
TOP OF THE 7TH
Idaho Falls Chukars batting - Pitching for Myrtle Beach Seahawks : RHP Carlos Ibarra
Batting: RHB Michael Bradshaw 0-0: Ground out 6-3 (Groundball, 6)
Batting: SHB Félix Medina 0-0: Fly out, F7 (Flyball, 7S)
Batting: RHB Jonah Cooney 0-0: Ball
1-0: Ball
2-0: Ball
3-0: Foul Ball, location: 2F
3-1: Called Strike
3-2: Strikes out swinging
Top of the 7th over - 0 run(s), 0 hit(s), 0 error(s), 0 left on base; Idaho Falls 1 - Myrtle Beach 0
BOTTOM OF THE 7TH
Myrtle Beach Seahawks batting - Pitching for Idaho Falls Chukars : RHP Paco Manuel
Batting: RHB Turner Buccigross 0-0: Called Strike
0-1: Fly out, F7 (Flyball, 78S)
Batting: RHB Juan Báez 0-0: Foul Ball, location: 2F
0-1: Called Strike
0-2: Fly out, F7 (Flyball, 7LS)
Batting: RHB Rob Morse 0-0: Ball
1-0: Ground out 4-3 (Groundball, 4)
Bottom of the 7th over - 0 run(s), 0 hit(s), 0 error(s), 0 left on base; Idaho Falls 1 - Myrtle Beach 0
TOP OF THE 8TH
Idaho Falls Chukars batting - Pitching for Myrtle Beach Seahawks : RHP Carlos Ibarra
Batting: LHB Orlando Casillas 0-0: Ball
1-0: Ground out 6-3 (Groundball, 6)
Batting: LHB Frank Sharp 0-0: Called Strike
0-1: Ball
1-1: Ball
2-1: Ball
3-1: SINGLE (Flyball, 7S)
Batting: SHB Pablo Coloa 0-0: Ball
1-0: Ball
2-0: Swinging Strike
2-1: Foul Ball, location: 2F
2-2: Strikes out swinging
Pitching: RHP Allen Beach
Pinch Hitting: LHB Armando Peńa 0-0: Called Strike
Frank Sharp steals 2nd base
0-1: Called Strike
0-2: Ball
1-2: Ground out 4-3 (Groundball, 4)
Top of the 8th over - 0 run(s), 1 hit(s), 0 error(s), 1 left on base; Idaho Falls 1 - Myrtle Beach 0
BOTTOM OF THE 8TH
Myrtle Beach Seahawks batting - Pitching for Idaho Falls Chukars : RHP Paco Manuel
Now in RF: Miguel Luna
Batting: LHB Tae-sang Han 0-0: Foul Ball, location: 2F
0-1: Ball
1-1: Ground out 6-3 (Groundball, 6)
Batting: RHB Rodney Dudley 0-0: Called Strike
0-1: Ball
1-1: Called Strike
1-2: Foul Ball, location: 2F
1-2: Strikes out looking
Batting: RHB Alejandro Santiago 0-0: Foul Ball, location: 2F
0-1: Ball
1-1: Called Strike
1-2: Foul Ball, location: 2F
1-2: SINGLE (Line Drive, 89S)
Pinch Runner at 1st Jim Unknown:
Batting: LHB Miguel Martínez 0-0: Ball
1-0: Foul Ball, location: 2F
1-1: Swinging Strike
1-2: Foul Ball, location: 2F
1-2: Ball
2-2: Foul Ball, location: 2F
2-2: Ball
3-2: SINGLE (Groundball, 23) (infield hit)
Jim Unknown to second
Pinch Hitting: RHB Manuel Rodríguez 0-0: Called Strike
0-1: Fielders Choice at 2nd, 5-4 (Groundball, 5)
Bottom of the 8th over - 0 run(s), 2 hit(s), 0 error(s), 1 left on base; Idaho Falls 1 - Myrtle Beach 0
TOP OF THE 9TH
Idaho Falls Chukars batting - Pitching for Myrtle Beach Seahawks : RHP Allen Beach
Now at 1B: Manuel Rodríguez
Now at 2B: Jim Unknown
Batting: RHB Scott Ramsey 0-0: Foul Ball, location: 2F
0-1: Foul Ball, location: 2F
0-2: Ball
1-2: Strikes out swinging
Batting: RHB Christian Gentry 0-0: Called Strike
0-1: Foul Ball, location: 2F
0-2: Ball
1-2: SINGLE (Groundball, 6MD)
Pinch Hitting: RHB Rubén Hernández 0-0: Ball
1-0: Swinging Strike
1-1: Ball
2-1: DOUBLE (Line Drive, 8LXD)
Christian Gentry to third
Pinch Hitting: RHB Tan Bal 0-0: Intentional Walk
Pinch Hitting: RHB Armando Rodríguez 0-0: DOUBLE (Flyball, 8RXD)
Christian Gentry scores
Rubén Hernández scores
Tan Bal to third
Runner from 3rd tries for Home, SAFE, no throw
Pitching: RHP Alberto Baca
Batting: LHB Orlando Casillas 0-0: Called Strike
0-1: Foul Ball, location: 2F
0-2: DOUBLE (Flyball, 78D)
Armando Rodríguez scores
Batting: LHB Frank Sharp 0-0: Ball
1-0: Ball
2-0: Called Strike
2-1: Ball
3-1: Base on Balls
Batting: SHB Pablo Coloa 0-0: Called Strike
Orlando Casillas steals 3rd base
Frank Sharp to second
0-1: Fly out, F8 (Flyball, 8RD)
Runner from 3rd tags up, SCORES, no throw
Frank Sharp to third
Batting: RHB Miguel Luna 0-0: Fly out, F8 (Flyball, 8RM)
Top of the 9th over - 5 run(s), 4 hit(s), 0 error(s), 1 left on base; Idaho Falls 6 - Myrtle Beach 0
BOTTOM OF THE 9TH
Myrtle Beach Seahawks batting - Pitching for Idaho Falls Chukars : RHP Paco Manuel
Now at C: Erwin Chapman
Now at 2B: Tan Bal
Now in CF: Fernando Granados
Batting: RHB José Morín 0-0: Swinging Strike
0-1: Ball
1-1: Ball
2-1: SINGLE (Groundball, 56D)
Batting: RHB Turner Buccigross 0-0: Ball
1-0: Called Strike
1-1: Called Strike
1-2: Ball
2-2: Strikes out swinging
Pitching: LHP Roberto Guillén
Batting: RHB Juan Báez 0-0: Ball
1-0: Fly out, F9 (Flyball, 9LM)
Batting: RHB Rob Morse 0-0: Ball
1-0: Swinging Strike
1-1: SINGLE (Groundball, 56) (infield hit)
José Morín to second
Batting: LHB Tae-sang Han 0-0: Fly out, F1 (Line Drive, 13)
Bottom of the 9th over - 0 run(s), 2 hit(s), 0 error(s), 2 left on base; Idaho Falls 6 - Myrtle Beach 0
Friday, December 30th, 2016 - OOTP Baseball 17.12 Build 75